 Dungeon Crawl Stone Soup version 0.29-a0-322-g68df515428 (webtiles) character file.

Game seed: 11967314916290554638

7 calli0pe the Scratcher (level 1, -13/9 HPs)
             Began as a Felid Transmuter on Apr 8, 2022.
             Killed by divine providence
             ... invoked by an orc priest
              (15 damage)
             ... on level 4 of the Dungeon.
             The game lasted 00:03:04 (826 turns).

calli0pe the Scratcher (Felid Transmuter)            Turns: 826, Time: 00:03:05

Health: -13/9      AC:  1    Str:  6    XL:     1   Next: 91%
Magic:  2/4        EV: 17    Int: 14    God:
Gold:   22         SH:  0    Dex: 16    Spells: 3/4 levels left
                                        Lives:  0   Deaths: 0

rFire   . . .      SeeInvis +     - Unarmed
rCold   . . .      Faith    .   (shield unavailable)
rNeg    . . .      Spirit   .   (body armour unavailable)
rPois   .          Reflect  .   (helmet unavailable)
rElec   .          Harm     .   (cloak unavailable)
rCorr   .          Rampage  .   (gloves unavailable)
Will    .....                   (boots unavailable)
Stlth   ++........              (no amulet)
HPRegen 0.03/turn               (no ring)
MPRegen 0.09/turn               (no ring)

@: appendages, quick
A: horns 2, very small, claws 1, fangs 3, see invisible, speed 1, shaggy fur 1,
stealthy paws, no weapons or thrown items, no armour, multi-lived
a: End Transformation


You were on level 4 of the Dungeon.
You had temporarily grown beastly horns.
You visited 1 branch of the dungeon, and saw 4 of its levels.

You collected 22 gold pieces.

Inventory:

Armour
 b - a +0 ring mail
Scrolls
 d - a scroll of teleportation {unknown}
Potions
 a - a potion of lignification
 c - 2 potions of attraction {unknown}


   Skills:
 + Level 1.0 Fighting
 + Level 2.9 Dodging
 + Level 0.8 Stealth
 + Level 3.3 Unarmed Combat
 + Level 2.0 Spellcasting
 + Level 2.1 Transmutations


You had 3 spell levels left.
You knew the following spells:

 Your Spells              Type           Power      Damage    Failure   Level
a - Beastly Appendage     Tmut           14%        N/A       10%         1

Your spell library contained the following spells:

 Spells                   Type           Power      Damage    Failure   Level
 Wereblood                Tmut           7%         N/A       14%         2
 Spider Form              Tmut/Pois      4%         N/A       41%         3
 Stone Arrow              Conj/Erth      2%         3d7       56%         3
 Ice Form                 Ice/Tmut       4%         N/A       83%         4
 Lehudib's Crystal Spear  Conj/Erth      0%         10d2      100%        8
 Animate Armour           Summ/Erth      Unusable   N/A       N/A         4

Dungeon Overview and Level Annotations

Branches:
Dungeon (4/15)
 Temple: D:4-7

Altars:


Innate Abilities, Weirdness & Mutations

You have temporarily grown beastly horns.
You have sharp claws.
You have razor-sharp teeth.
You have supernaturally acute eyesight. (SInv)
You cover ground quickly. (Speed+)
You are covered in fur. (AC +1)
Your paws help you pounce on unaware monsters.
You are incapable of wielding weapons or throwing items.
You cannot wear armour.
You gain extra lives every three experience levels.


Message History

There is a stone staircase leading down here.
You climb downwards.
There is a stone staircase leading up here.
Found a spear.
You see here a +0 spear.
Found 6 gold pieces.
You open the door.
An orc priest and an orc come into view.
An orc comes into view. It is wielding a +0 dagger.
The orc shouts!
An orc priest comes into view. It is wielding a +0 dagger.
There is an open door here.
You can't go up here!
There is an open door here.
You can't go up here!
You can't go down here!
There are no items here.
The orc priest shouts! x2
The orc priest looks encouraged for a moment.
There are no items here.
Okay, then.
Unknown command.
Okay, then.
Welcome back, calli0pe the Felid Transmuter.
Press ? for a list of commands and other information.
There are monsters nearby!
You grow a pair of large bovine horns.
You extend your transformation's duration.
There is an open door here.
You closely miss the orc. Your headbutt misses the orc.
The orc priest miscasts a cantrip.
The orc hits you with a +0 dagger.
* * * LOW HITPOINT WARNING * * *
You scratch the orc but do no damage. The orc closely misses you.
You closely miss the orc. Your bite misses the orc.
The orc priest complains loudly.
The orc priest calls down the wrath of Beogh upon you.
Beogh smites you!
Ouch! That really hurt!
You die...

.).................#####
.#####.#.##.####.#.......
.##......##.###...######.
.##.##.####.##.....#
.##.##.# #.###$..##
.......# #.# ##.##
#.#<#.......# #.#
#.#...####### #.# #.###.#
#@# #.. .# #oo.# ### #
#..o..# #..o....#
#.........# +.........+
#.........# ##.......##


You could see 2 orc priests and 2 orcs.

Vanquished Creatures
  A bat (D:3)
  A giant cockroach (D:3)
  A goblin (D:3)
  A hobgoblin (D:3)
  A kobold (D:1)
  A frilled lizard (D:2)
6 creatures vanquished.

Vanquished Creatures (others)
  2 fungi (D:1)
2 creatures vanquished.

Grand Total: 8 creatures vanquished

Notes
Turn   | Place    | Note
-------+----------+-------------------------------------------
     0 | D:1      | calli0pe the Felid Transmuter began the quest for the Orb.
     0 | D:1      | Reached XP level 1. HP: 9/9 MP: 4/4
   816 | D:4      | Noticed an orc priest
   817 | D:4      | Noticed an orc priest
   826 | D:4      | Killed from afar by an orc priest

Illustrated notes

Levels and vault maps discovered:
D:1:      dpeg_cavernosity, layout_basic, minmay_misc_feat_iff
D:2:      layout_rooms, uniq_jessica
D:3:      layout_basic, minmay_cut_off
D:4:      layout_loops_corners, kennysheep_mini_moat,
          lemuel_coloured_pillars_altar

Action                   || total
-------------------------++-------
Melee: Unarmed           ||    37
       Bite              ||     6
 Cast: Beastly Appendage ||     2
Armor: Skin              ||     9
Dodge: Dodged            ||    41

Table legend: (Time is in decaauts)
 A = Elapsed time spent in this place.
 B = Non-inter-level travel time spent in this place.
 C = Inter-level travel time spent in this place.
 D = Time resting spent in this place.
 E = Time spent auto-exploring this place.
 F = Levels seen in this place.
 G = Mean time per level.
                   A        B        C        D        E       F      G
               +--------+--------+--------+--------+--------+-----+--------+
         Total |    749 |    749 |      0 |    400 |      0 |   4 |  187.2 |
       Dungeon |    749 |    749 |      0 |    400 |      0 |   4 |  187.2 |
               +--------+--------+--------+--------+--------+-----+--------+

Top non-repeatable levels by time:
     D:1: 629 daAuts
     D:3: 53 daAuts
     D:4: 38 daAuts
     D:2: 27 daAuts
